 Dungeon Crawl Stone Soup version 0.29.1-1-gd02db6906a (webtiles) character file.

Game seed: 1399565073202019481

4 corgi the Sneak (level 1, -3/18 HPs)
             Began as a Merfolk Delver on Oct 14, 2022.
             Slain by a phantom (4 damage)
             ... on level 4 of the Dungeon.
             The game lasted 00:02:52 (275 turns).

corgi the Sneak (Merfolk Delver)                     Turns: 275, Time: 00:02:53

Health: -3/18      AC:  3    Str: 12    XL:     1   Next: 70%
Magic:  1/1        EV: 12    Int:  9    God:
Gold:   0          SH:  0    Dex: 15    Spells: 0/0 levels left

rFire   . . .      SeeInvis .   a - +0 falchion
rCold   . . .      Faith    .   (no shield)
rNeg    . . .      Spirit   .   b - +0 leather armour
rPois   .          Reflect  .   (no helmet)
rElec   .          Harm     .   (no cloak)
rCorr   .          Rampage  .   (no gloves)
Will    .....                   (no boots)
Stlth   +++.......              (no amulet)
HPRegen 0.06/turn               (no ring)
MPRegen 0.07/turn               (no ring)

@: no status effects
A: (nimble swimmer 2), mertail
a: no special abilities


You were on level 4 of the Dungeon.
You visited 1 branch of the dungeon, and saw 3 of its levels.

Inventory:

Hand Weapons
 a - a +0 falchion (weapon)
Armour
 b - a +0 leather armour (worn)
Wands
 g - a wand of digging (3)
Scrolls
 c - a scroll of fog
 d - a scroll of magic mapping
 e - 2 scrolls of fear
Potions
 f - a potion of haste
 h - a potion of degeneration {unknown}


   Skills:
 + Level 3.3 Fighting
 + Level 2.5 Long Blades
 + Level 2.8 Dodging
 + Level 5.5 Stealth


You couldn't memorise any spells.
You didn't know any spells.
Your spell library contained the following spells:

 Spells                   Type           Power      Damage    Failure   Level
 Blink                    Tloc           0%         N/A       61%         2
 Manifold Assault         Tloc           0%         N/A       100%        5
 Storm Form               Tmut/Air       0%         N/A       100%        7


Dungeon Overview and Level Annotations

Branches:
Dungeon (5/15)
 Temple: D:4-7

Altars:
Hepliaklqana

Annotations:
D:5 Menkaure


Innate Abilities, Weirdness & Mutations

((You are very nimble when in or above water. (Stealth+, EV+, Speed+++)))
Your lower body shifts to a powerful aquatic tail in water.


Message History

You hit the spectral goblin.
The spectral goblin is almost destroyed.
The spectral goblin hits you but does no damage.
You completely miss the spectral goblin.
The spectral goblin is almost destroyed.
The spectral goblin closely misses you.
You barely miss the spectral goblin.
The spectral goblin is almost destroyed.
The spectral goblin closely misses you.
You slash the spectral goblin!
You destroy the spectral goblin!
There is an open door here.
You see here a +0 club.
Okay, then.
There is a hazy altar of Hepliaklqana here.
You kneel at the altar of Hepliaklqana.
The phantom hits you.
The phantom blinks!
You blink.
The phantom closely misses you. The phantom closely misses you.
The phantom attacks as you move away! The phantom hits you.
There is an open door here.
You see here a +0 club.
The phantom attacks as you move away! The phantom hits you.
There is a stone staircase leading down here.
The phantom attacks as you move away! The phantom hits you.
The phantom attacks as you move away! The phantom hits you.
* * * LOW HITPOINT WARNING * * *
The phantom attacks as you move away!
The phantom hits you but does no damage.
There is a stone staircase leading down here.
You can't go up here!
The phantom hits you.
* * * LOW HITPOINT WARNING * * *
The phantom blinks!
You blink.
You stop descending the stairs.
There is a stone staircase leading down here.
The phantom misses you.
You climb downwards.
There is a stone staircase leading up here.
The phantom hits you.
You die...

### ######.# ###########.#
#......#
#...........#########.####.#
#..#.######.##.............#
#..#......#.##.######.######
#####..#.##w###.##.....##.......
#......#### # #........##.#####.
##.####......###################.
................@................
##.#######.......W.......########
#.## #.#####.#.#####.# #....
#.#...<.....# #.# #.....
#.......#...###.#
#......####.............#
#......+...........######
##..r..########..#.# #....
#..#.#######


You could see a phantom.

Vanquished Creatures
  A giant cockroach (D:3)
  A goblin (D:3)
  A ball python (D:4)
  A bat (D:3)
  A spectral goblin (D:3)
5 creatures vanquished.

Notes
Turn   | Place    | Note
-------+----------+-------------------------------------------
     0 | D:5      | corgi the Merfolk Delver began the quest for the Orb.
     0 | D:5      | Reached XP level 1. HP: 18/18 MP: 1/1
    11 | D:5      | Noticed an ogre
    15 | D:5      | Noticed Menkaure
    41 | D:3      | Noticed a phantom
   235 | D:3      | Found a hazy altar of Hepliaklqana.
   275 | D:4      | Slain by a phantom

Illustrated notes

Levels and vault maps discovered:
D:3:      layout_rooms, nicolae_hepliaklqana_monster_ancestors,
          nicolae_qazlal_general_emergency, serial_shops,
          nicolae_shop_bloodbath_and_beyond
D:4:      layout_basic
D:5:      layout_rooms, grunt_temple_overflow_opulence,
          grunt_temple_overflow_open, minmay_temple_entry_tees, uniq_eustachio,
          uniq_menkaure

Action                   || total
-------------------------++-------
Melee: Falchion          ||    16
 Stab: Sleeping          ||     1
Armor: Leather armour    ||     8
Dodge: Dodged            ||    12
